 Dungeon Crawl Stone Soup version 0.30-a0-986-g7f2e898f52 (webtiles) character file.

Game seed: 5149123193482971891

69279 CryoSword the Spear-Bearer (level 14, -4/116 (121) HPs)
             Began as a Demigod Air Elementalist on Apr 1, 2023.
             Slain by a death knight
             ... wielding a +4 morningstar
              (25 damage)
             ... on level 15 of the Dungeon on Apr 2, 2023.
             The game lasted 00:46:05 (27146 turns).

CryoSword the Spear-Bearer (DgAE)                  Turns: 27146, Time: 00:46:05

HP:   -4/116 (121)  AC: 13    Str: 21    XL:     14   Next: 48%
MP:   13/33         EV: 19    Int: 21    God:
Gold: 1813          SH:  0    Dex: 19    Spells: 11/21 levels left

rFire   . . .      SeeInvis .    w - +7 demon trident (venom)
rCold   + . .      Faith    .    L - +0 buckler
rNeg    . . .      Spirit   .    H - +0 troll leather armour
rPois   +          Reflect  +    p - +1 helmet
rElec   .          Rampage  .    z - +1 cloak
rCorr   .                        n - +1 pair of gloves
Will    +....                    l - +1 pair of boots
Stlth   +                        k - amulet of Keiluit {Reflect rPois rC+ Dex+5 SH+5}
HPRegen 1.19/turn                c - ring of magical power {=R}
MPRegen 0.23/turn                y - +5 ring of evasion

@: confused, ambrosia-drunk, lightly drained
A: high MP 1, forlorn, divine attributes
a: no special abilities


You were on level 15 of the Dungeon.
You visited 2 branches of the dungeon, and saw 20 of its levels.
You also visited: Bailey.

You collected 1813 gold pieces.

Inventory:

Hand Weapons
 w - a +7 demon trident of venom (weapon)
   (You found it on level 4 of the Dungeon)
Missiles
 a - 8 curare-tipped darts
 U - a throwing net
Armour
 l - a +1 pair of boots (worn)
   (You found it on level 2 of the Dungeon)
 n - a +1 pair of gloves (worn)
   (You found it on level 1 of the Dungeon)
 p - a +1 helmet (worn)
   (You took it off Robin on level 2 of the Dungeon)
 z - a +1 cloak (worn)
   (You found it on level 4 of the Dungeon)
 H - a +0 troll leather armour (worn)
   (You found it on level 11 of the Dungeon)
 L - a +0 buckler (worn)
   (You found it on level 2 of the Lair of Beasts)
 N - the +1 ring mail of Haqisag {Will+}
   (You found it on level 10 of the Dungeon)

   Will:      It increases your willpower.
Magical Staves
 r - a staff of conjuration
   (You found it on level 3 of the Dungeon)
Jewellery
 c - a ring of magical power (left hand) {=R}
   (You found it on level 1 of the Dungeon)
 d - a ring of flight
   (You found it on level 4 of the Dungeon)
 k - the amulet of Keiluit (around neck) {Reflect rPois rC+ Dex+5 SH+5}
   (You found it on level 4 of the Dungeon)

   [amulet of reflection]

   It reflects blocked missile attacks.
   Dex:       It affects your dexterity (+5).
   rC:        It protects you from cold.
   rPois:     It protects you from poison.
   SH:        It affects your SH (+5).
 y - a +5 ring of evasion (right hand)
   (You found it on level 2 of the Dungeon)
 E - a ring of see invisible
   (You found it on level 11 of the Dungeon)
 M - a ring of resist corrosion
   (You found it on level 8 of the Dungeon)
 X - a ring of protection from cold
   (You found it on level 5 of the Lair of Beasts)
Wands
 e - a wand of digging (12)
   (You found it on level 10 of the Dungeon)
 q - a wand of roots (9) (quivered)
   (You took it off Robin on level 2 of the Dungeon)
 O - a wand of mindburst (5)
   (You found it on level 8 of the Dungeon)
Scrolls
 g - 2 scrolls of blinking
 i - 2 scrolls of vulnerability {unknown}
 j - 6 scrolls of enchant armour
 s - 2 scrolls of poison {unknown}
 u - 3 scrolls of amnesia
 B - 2 scrolls of magic mapping {unknown}
 D - 5 scrolls of teleportation {@r4}
 G - 2 scrolls of brand weapon
 J - 3 scrolls of fear
 Q - 3 scrolls of butterflies
 W - 3 scrolls of immolation {unknown}
Potions
 b - a potion of magic
 f - 6 potions of haste {@q3}
 h - 3 potions of heal wounds {unknown}
 m - 2 potions of cancellation {unknown}
 o - a potion of resistance
 t - 5 potions of might
 v - 3 potions of ambrosia
 A - 7 potions of mutation {!q}
 C - a potion of invisibility
 I - 2 potions of lignification {unknown}
 K - 7 potions of curing {@q1}
 P - 7 potions of brilliance
 S - a potion of berserk rage
Miscellaneous
 x - a tin of tremorstones (2/2)
   (You found it on level 14 of the Dungeon)


   Skills:
 + Level 10.1 Fighting
 - Level 4.4 Maces & Flails
 - Level 14.0 Polearms
 + Level 3.7 Armour
 + Level 4.4 Dodging
 + Level 4.7 Stealth
 * Level 9.0 Shields
 - Level 4.0 Spellcasting
 - Level 3.4 Conjurations
 * Level 12.3 Air Magic


You had 11 spell levels left.
You knew the following spells:

 Your Spells              Type           Power      Damage    Failure   Level
a - Shock                 Conj/Air       100%       1d9       1%          1
b - Static Discharge      Conj/Air       74%        2-6/arc   1%          2
c - Airstrike             Air            27%        2d(4-20)  1%          4
S - Swiftness             Air            54%        N/A       1%          3

Your spell library contained the following spells:

 Spells                   Type           Power      Damage    Failure   Level
 Beastly Appendage        Tmut           8%         N/A       17%         1
 Ensorcelled Hibernation  Hex/Ice        8%         N/A       26%         2
 Lesser Beckoning         Tloc           8%         N/A       26%         2
 Wereblood                Tmut           4%         N/A       26%         2
 Dazzling Flash           Conj/Hex       22%        N/A       26%         3
 Gell's Gravitas          Tloc           4%         N/A       45%         3
 Portal Projectile        Hex/Tloc       8%         N/A       45%         3
 Spider Form              Tmut/Pois      4%         N/A       45%         3
 Teleport Other           Tloc           4%         N/A       45%         3
 Tukima's Dance           Hex            4%         N/A       45%         3
 Iskenderun's Mystic Bla  Conj/Tloc      11%        2d4       63%         4
 Anguish                  Hex/Necr       2%         N/A       86%         4
 Manifold Assault         Tloc           4%         N/A       86%         4
 Blade Hands              Tmut           2%         N/A       99%         5
 Dispersal                Tloc           2%         N/A       100%        6
 Starburst                Conj/Fire      5%         6d4       100%        6
 Disjunction              Tloc           2%         N/A       100%        8


Dungeon Overview and Level Annotations

Branches:
Dungeon (15/15)            Temple (0/1) D:5            Lair (5/5) D:10
 Shoals (0/4) Lair:3        Snake (0/4) Lair:2        Slime (0/5) Lair:4
    Orc (0/2) D:10         Vaults (0/5) D:14         Bailey (visited)
 Depths: D:15

Annotations:
D:4 3 runed translucent doors, soepkip's ghost, amateur TeCj
D:6 2 transporters, Mulkerokala's ghost, amateur KoNe
D:15 3 runed translucent doors


Innate Abilities, Weirdness & Mutations

You have an increased reservoir of magic. (+10% MP)
You shall have no god before yourself.
Your divine heritage dramatically boosts your attributes as you level up.


Message History

You hit the boulder beetle. You puncture the boulder beetle!
You kill the boulder beetle!
No target in view!
Key pressed, stopping explore.
D - 5 scrolls of teleportation {@r4} (gained 1) Could not explore, unopened door.
You open the door.
There is an open door here.
Found a runed translucent gate.
The centaur warrior shouts!
A meliai comes into view. It is wielding a +0 war axe.
The meliai buzzes angrily.
You hear an angry buzzing noise.
You hear a shout!
A meliai comes into view. It is wielding a +0 hand axe.
The meliai moves out of view. x2
There are monsters nearby!
Aim: a meliai, wielding a +0 war axe and wearing a +0 leather armour (empty space bonus: 4/8)
The air twists around and strikes the meliai!
You block the meliai's attack. The meliai completely misses you.
You puncture the meliai!
The meliai is poisoned.
You kill the meliai!
A meliai comes into view. It is wielding a +0 hand axe.
The meliai barely misses you. The meliai stings you!
Your Shields skill increases to level 9!
The meliai buzzes angrily.
You hit the meliai.
The meliai is poisoned.
You block the meliai's attack.
The meliai stings you but does no damage.
You hit the meliai.
The meliai looks as sick as possible!
The meliai hits you but does no damage. You block the meliai's attack.
The meliai calls upon its god to heal the meliai.
The meliai is healed somewhat.
You impale the meliai!!
The meliai looks as sick as possible!
You kill the meliai!
The meliai mumbles some strange prayers to its god against you.
Something smites you!
Aim: a meliai, wielding a +0 hand axe and wearing a +0 robe (empty space bonus: 6/8)
The air twists around and strikes the meliai!
A hell knight comes into view.
It is wielding a +0 long sword of flaming.
Aim: a meliai, wielding a +0 hand axe and wearing a +0 robe (severely wounded, empty space bonus: 8/8)
The air twists around and strikes the meliai!!
You kill the meliai!
A hell knight is nearby!
Aim: a hell knight, wielding a +0 long sword of flaming and wearing a +0 chain mail (empty space bonus: 4/8)
The air twists around and strikes the hell knight!!
Aim: a hell knight, wielding a +0 long sword of flaming and wearing a +0 chain mail (moderately wounded, empty space bonus: 6/8)
The air twists around and strikes the hell knight.
Aim: a hell knight, wielding a +0 long sword of flaming and wearing a +0 chain mail (moderately wounded, empty space bonus: 4/8)
The air twists around and strikes the hell knight.
The hell knight mumbles some strange prayers to its god.
The hell knight seems to speed up.
Aim: a hell knight, wielding a +0 long sword of flaming and wearing a +0 chain mail (moderately wounded, fast, empty space bonus: 4/8)
The air twists around and strikes the hell knight!
A freezing wraith comes into view.
You reach to attack!
You barely miss the hell knight.
The hell knight mumbles some strange prayers to its god against you.
The bolt of fire hits you!!
You barely miss the hell knight. You hit the hell knight.
The hell knight is poisoned.
The hell knight misses you. You block the hell knight's attack.
You hit the hell knight but do no damage.
You closely miss the hell knight. The hell knight completely misses you.
You puncture the hell knight!
The hell knight looks as sick as possible!
The hell knight mumbles some strange prayers to its god against you.
The bolt of fire misses you.
You puncture the hell knight!
The hell knight looks as sick as possible!
The hell knight mumbles some strange prayers to its god against you.
The bolt of fire hits you!!
You are too injured to fight recklessly!
You are too injured to fight recklessly!
You impale the hell knight!!
You kill the hell knight!
Aim: a freezing wraith (empty space bonus: 5/8)
The air twists around and strikes the freezing wraith but does no damage.
You impale the freezing wraith!!
The freezing wraith completely misses you. x2
You barely miss the freezing wraith. You puncture the freezing wraith!
The freezing wraith hits you but does no damage. x2
You hit the freezing wraith but do no damage.
The freezing wraith hits you but does no damage.
The freezing wraith barely misses you.
You hit the freezing wraith.
You completely miss the freezing wraith.
The freezing wraith hits you. The freezing wraith freezes you. You resist.
The freezing wraith barely misses you.
You puncture the freezing wraith! You puncture the freezing wraith!
You destroy the freezing wraith!
There is an open door here.
You close the door.
You start resting.
You open the door.
A death knight comes into view. It is wielding a +4 morningstar.
A death knight is nearby!
A death knight is nearby!
Aim: a death knight, wielding a +4 morningstar, wearing a +0 chain mail and wearing a ring of see invisible (wandering, hasn't noticed you, empty space bonus: 6/8)
The air twists around and strikes the death knight!
The death knight shouts!
You puncture the death knight!
The death knight is poisoned.
The death knight calls down the wrath of Yredelemnul upon you.
Your body is wracked with pain!
You are too injured to fight recklessly!
Reach: w) +7 demon trident (venom)
Aim: a death knight, wielding a +4 morningstar, wearing a +0 chain mail and wearing a ring of see invisible (moderately wounded, very poisoned, about 25% to evade your +7 demon trident of venom)
You puncture the death knight!
The death knight looks as sick as possible!
Reach: w) +7 demon trident (venom)
Aim: a death knight, wielding a +4 morningstar, wearing a +0 chain mail and wearing a ring of see invisible (heavily wounded, extremely poisoned, about 25% to evade your +7 demon trident of venom)
You hit the death knight.
The death knight looks as sick as possible!
The death knight completely misses you.
A necromancer comes into view. It is wielding a +0 dagger.
The death knight attacks as you move away!
The death knight closely misses you.
The death knight offers itself to Yredelemnul, and fills with unholy energy.
Aim: a death knight, wielding a +4 morningstar, wearing a +0 chain mail and wearing a ring of see invisible (severely wounded, reflecting injuries, extremely poisoned, empty space bonus: 6/8)
The air twists around and strikes the death knight but does no damage.
The death knight reflects your damage back at you!
The death knight attacks as you move away!
You block the death knight's attack.
The death knight reflects your damage back at you!
You completely miss the death knight. You hit the death knight.
The death knight looks as sick as possible!
The death knight reflects your damage back at you! x2
The death knight mumbles some strange prayers to Yredelemnul against you.
Your body is wracked with pain!
* * * LOW HITPOINT WARNING * * *
You hear a shout!
You hit the death knight but do no damage.
You hear a shout!
The death knight reflects your damage back at you!
The death knight invokes the aid of Yredelemnul against you.
You resist with significant effort.
The death knight reflects your damage back at you!
The death knight reflects your damage back at you!
The necromancer gestures at you while chanting.
The bolt of negative energy hits you!!
You feel drained.
* * * LOW HITPOINT WARNING * * *
You hear a shout!
Okay, then.
You are confused.
You feel invigorated.
The death knight's dark mirror aura disappears.
The death knight reflects your damage back at you!
The death knight hits you with a +4 morningstar!!
You die...

########
......#######
............
#...........
#...........
#...........
+..<........
#.##'####### ..
#.@......#.# ...
#.p......#.# ...
#........#.# ..
#........#.# .
#....p...#.#
#........#.#
.#####'####.#
.............####.###
..................#c.


You could see a death knight (extremely poisoned) and a necromancer.

Vanquished Creatures
  An ironbound preserver (D:14)
  A fire dragon (Lair:5)
  Josephine (D:13)
  5 hydras
  2 catoblepae
  3 two-headed ogres
  5 centaur warriors
  2 boulder beetles
  4 death yaks (Lair:5)
  A hell knight (D:15)
  Amaemon (Lair:3)
  A swamp dragon (Lair:5)
  2 orc knights (Bailey)
  A deep elf pyromancer (D:11)
  3 ugly things
  A wolf spider (Lair:5)
  2 cyclopes (D:14)
  A manticore (D:14)
  A guardian serpent (Lair:5)
  13 elephants
  7 black mambas
  Joseph (D:7)
  14 cane toads
  A gargoyle (D:13)
  An eye of devastation (Lair:4)
  An orange demon (Lair:3)
  8 komodo dragons
  An efreet (D:13)
  3 rime drakes
  A kobold demonologist (D:11)
  A freezing wraith (D:15)
  4 meliai
  A polar bear (Lair:5)
  6 trolls
  Grinder (D:3)
  2 hornets (Lair:5)
  16 blink frogs
  13 dream sheep (Lair:3)
  Sigmund (D:5)
  9 slime creatures
  A culicivora (shapeshifter) (D:15)
  9 wraiths
  A shadow (D:11)
  15 wyverns
  42 yaks
  3 basilisks
  4 redbacks (Lair:5)
  3 steam dragons
  A human (D:9)
  10 vampire mosquitoes (D:12)
  2 nagas (Lair:2)
  Menkaure (D:5)
  4 acid dragons
  A floating eye (Lair:4)
  26 water moccasins
  13 orc warriors
  4 black bears
  4 swamp drakes
  A sky beast (D:6)
  2 ogres
  A boggart (D:14)
  15 centaurs
  3 kobold brigands
  A gnoll sergeant (D:8)
  9 bullfrogs
  5 scorpions
  11 wights
  4 killer bees (D:8)
  7 howler monkeys
  3 jellies
  3 hounds
  A gnoll bouda (D:5)
  12 orc priests
  A sleepcap (D:8)
  4 iguanas
  Jessica (D:3)
  Ijyb (D:5)
  Terence (D:3)
  13 orc wizards
  Natasha (thrice) (D:2)
  A mummy (D:6)
  Robin (D:2)
  11 gnolls
  12 adders
  4 shadow imps (D:7)
  3 white imps
  6 ufetubi
  2 worms (D:3)
  A dart slug (D:3)
  66 orcs
  4 endoplasms
  4 giant cockroaches
  11 hobgoblins
  2 quokkas (D:1)
  A ball python (D:2)
  4 bats
  16 goblins
  19 kobolds
  3 rats
560 creatures vanquished.

Vanquished Creatures (others)
  A manticore (D:14)
  An orc wizard (D:10)
  6 demonic plants (D:7)
  98 fungi
  130 plants
236 creatures vanquished.

Grand Total: 796 creatures vanquished

Notes
Turn   | Place    | Note
-------+----------+-------------------------------------------
     0 | D:1      | CryoSword the Demigod Air Elementalist began the quest for
                  | the Orb.
     0 | D:1      | Reached XP level 1. HP: 14/14 MP: 5/5
    55 | D:1      | Reached skill level 1 in Conjurations
   289 | D:1      | Reached XP level 2. HP: 20/20 MP: 1/7
   641 | D:1      | You fall into a shaft and drop 1 floor!
   644 | D:2      | Identified the +5 flail "Lineing" {heavy, rN+ Dex+3}
  1057 | D:2      | Reached skill level 1 in Maces & Flails
  1057 | D:2      | Reached XP level 3. HP: 26/26 MP: 8/8
  1145 | D:2      | Noticed Robin
  1191 | D:2      | Killed Robin
  1739 | D:2      | Noticed Natasha
  1749 | D:2      | Killed Natasha
  1750 | D:2      | Reached XP level 4. HP: 28/33 MP: 9/9
  1872 | D:2      | Noticed Natasha
  1889 | D:2      | Killed Natasha
  1948 | D:2      | Learned a level 2 spell: Static Discharge
  1952 | D:2      | Learned a level 3 spell: Swiftness
  2039 | D:2      | Noticed Natasha
  2042 | D:2      | Killed Natasha
  2276 | D:3      | Noticed Terence
  2283 | D:3      | Killed Terence
  2284 | D:3      | Reached XP level 5. HP: 22/38 MP: 9/10
  2505 | D:3      | Noticed Grinder
  2586 | D:3      | Noticed Jessica
  2592 | D:3      | Killed Jessica
  2890 | D:3      | Reached XP level 6. HP: 36/45 MP: 11/11
  3480 | D:4      | Reached skill level 5 in Air Magic
  3691 | D:4      | Reached XP level 7. HP: 24/50 MP: 2/13
  3841 | D:4      | Found a runed translucent gate.
  3841 | D:4      | Found a runed translucent gate.
  3841 | D:4      | Found a runed translucent gate.
  4009 | D:4      | Reached skill level 1 in Polearms
  4077 | D:4      | Identified the amulet of Keiluit {Reflect rPois rC+ Dex+5
                  | SH+5}
  4133 | D:3      | Paralysed by Grinder for 4 turns
  4138 | D:3      | Killed Grinder
  4139 | D:3      | Reached skill level 3 in Polearms
  4430 | D:4      | Noticed soepkip's ghost (amateur TeCj)
  4446 | D:5      | Entered Level 5 of the Dungeon
  4452 | D:5      | Noticed Ijyb
  4468 | D:5      | Killed Ijyb
  4687 | D:5      | Reached skill level 4 in Polearms
  4687 | D:5      | Reached XP level 8. HP: 53/57 MP: 14/14
  4692 | D:5      | Learned a level 4 spell: Airstrike
  4837 | D:5      | Found a staircase to the Ecumenical Temple.
  4842 | D:5      | Noticed Sigmund
  4859 | D:5      | Killed Sigmund
  4860 | D:5      | Reached skill level 5 in Polearms
  5192 | D:5      | Noticed Menkaure
  5199 | D:5      | Killed Menkaure
  5200 | D:5      | Reached skill level 6 in Polearms
  5587 | D:6      | Reached skill level 7 in Polearms
  6015 | D:6      | Found a transporter.
  6018 | D:6      | Noticed Mulkerokala's ghost (amateur KoNe)
  6065 | D:6      | Found a transporter.
  6092 | D:6      | Reached skill level 8 in Polearms
  6251 | D:7      | Noticed Joseph
  6336 | D:7      | Found a flagged portal.
  6342 | D:7      | Reached XP level 9. HP: 52/62 MP: 15/15
  6521 | Bailey   | Entered a bailey
  6680 | Bailey   | Reached skill level 1 in Fighting
  6680 | Bailey   | Reached skill level 9 in Polearms
  6810 | Bailey   | Noticed an orc knight
  6847 | Bailey   | Killed an orc knight
  7137 | Bailey   | Noticed an orc knight
  7164 | Bailey   | Killed an orc knight
  7594 | D:7      | Reached skill level 10 in Polearms
  7837 | D:7      | Reached XP level 10. HP: 68/77 MP: 16/16
  8225 | D:7      | Killed Joseph
  8608 | D:8      | Identified the +9 spear of Ignis's Righteous Fury {heavy,
                  | rCorr Dex+2}
  8818 | D:8      | Identified the +0 chain mail of Xyedeunt {rF++ rC+}
  9163 | D:8      | Noticed a two-headed ogre
  9180 | D:8      | Killed a two-headed ogre
  9181 | D:8      | Reached skill level 11 in Polearms
 10085 | D:8      | Reached skill level 5 in Fighting
 10652 | D:9      | Found a runed translucent door.
 10934 | D:10     | Entered Level 10 of the Dungeon
 10936 | D:10     | Reached XP level 11. HP: 88/88 MP: 17/17
 11098 | D:10     | Identified the +1 ring mail of Haqisag {Will+}
 11545 | D:10     | Found a staircase to the Orcish Mines.
 11786 | D:10     | Reached skill level 12 in Polearms
 11788 | D:10     | Found a staircase to the Lair.
 11820 | D:10     | Noticed a two-headed ogre
 12683 | D:10     | Found a staircase to the Lair.
 12706 | D:10     | Killed a two-headed ogre
 13081 | D:11     | Noticed a sun demon
 13206 | D:11     | Noticed a deep elf pyromancer
 13209 | D:11     | Killed a deep elf pyromancer
 14434 | D:12     | Reached skill level 13 in Polearms
 14856 | D:12     | Identified the staff of cold "Dosajat" {rC+ rN+ Int+3}
 15219 | D:12     | Noticed a centaur warrior
 15233 | D:12     | Killed a centaur warrior
 15444 | Lair:1   | Entered Level 1 of the Lair of Beasts
 15489 | Lair:1   | Reached XP level 12. HP: 100/100 MP: 18/18
 15540 | Lair:1   | Noticed a boulder beetle
 15548 | Lair:1   | Killed a boulder beetle
 16537 | Lair:2   | Found a staircase to the Snake Pit.
 17106 | Lair:2   | Reached skill level 14 in Polearms
 17106 | Lair:2   | Reached skill level 1 in Shields
 17316 | Lair:3   | Noticed an eight-headed hydra
 17326 | Lair:2   | Killed an eight-headed hydra
 17518 | Lair:3   | Reached skill level 10 in Air Magic
 18036 | Lair:3   | Reached skill level 5 in Shields
 18691 | Lair:3   | Noticed Amaemon
 18700 | Lair:3   | Killed Amaemon
 18701 | Lair:3   | Reached XP level 13. HP: 94/110 MP: 0/19
 18832 | Lair:3   | Found a staircase to the Shoals.
 19177 | Lair:3   | Found the +8 whip "Snakebite" {venom, curare, rPois}
 19904 | Lair:4   | Found a staircase to the Slime Pits.
 20804 | Lair:5   | Entered Level 5 of the Lair of Beasts
 20932 | Lair:5   | Reached skill level 1 in Armour
 23245 | Lair:5   | Reached XP level 14. HP: 119/119 MP: 22/22
 24030 | D:13     | Noticed Josephine
 24907 | D:13     | Killed Josephine
 25475 | D:14     | Noticed an ironbound preserver
 25727 | D:14     | Reached skill level 10 in Fighting
 26143 | D:14     | Found a gate to the Vaults.
 26292 | D:14     | Killed an ironbound preserver
 26824 | D:15     | Entered Level 15 of the Dungeon
 27053 | D:15     | Found a runed translucent gate.
 27053 | D:15     | Found a runed translucent gate.
 27053 | D:15     | Found a runed translucent gate.
 27146 | D:15     | Slain by a death knight

Illustrated notes

Levels and vault maps discovered:
D:1:      wander_arrival_fairy_ring, layout_loops_ring
D:2:      layout_basic, ebering_ecumenical_altar_hall,
          kennysheep_generic_room_16, uniq_natasha, uniq_robin
D:3:      layout_basic, amcnicky_altar_gilded, minitemple, zin_scriptorium,
          uniq_jessica, uniq_grinder, uniq_terence
D:4:      layout_cave_pools, gammafunk_ghost_necromancy
D:5:      layout_loops_cross, minmay_temple_entry_slanted,
          chequers_serial_rivers_micro_c, uniq_ijyb, uniq_menkaure, uniq_sigmund
D:6:      layout_basic, slow_altar_2, gammafunk_ghost_stat_death,
          kennysheep_generic_room_9
D:7:      layout_rooms, serial_demonic, serial_demonic_e, serial_demonic_f,
          serial_demonic_b, serial_demonic_b, enter_bailey_6,
          nicolae_water_bricks, uniq_joseph
D:8:      layout_basic, okawaru_ov_weapons_minmay, st_stairs_11
D:9:      layout_big_octagon, dk_yredelemnul_ordeal, grunt_gozag_breadcrumbs,
          marbit_many_paths
D:10:     layout_roguey, due_lair_maze_entry_diamond, erik_orc_1
D:11:     layout_irregular_city
D:12:     layout_roguey
D:13:     layout_grid_maze, uniq_josephine
D:14:     layout_grid_maze, skrybe_vaults_entry_preservation,
          minmay_staircase_bubble
D:15:     hangedman_depths_entry_civil_slaughter, layout_irregular_city,
          nicolae_qazlal_style_of_elements, serial_shops, shop,
          maelrawn_ghost_gauntlet_escape
Lair:1:   layout_concentric_octagons, infiniplex_staircase_pool_2,
          grunt_megastairs_1, serial_bayou_shore_b
Lair:2:   layout_roguey, guppyfry_snake_entry_garden, serial_bayou_shore_b
Lair:3:   minmay_guarded_unrand_snakebite, layout_regular_city,
          minmay_shoals_entry_centaurs, st_stairs_8, uniq_amaemon
Lair:4:   layout_roguey, minmay_slime_entry_eyes, grunt_megastairs_5,
          lemuel_fruit_tree, infiniplex_staircase_pool
Lair:5:   guppyfry_lair_end_dragon, layout_regular_city,
          hangedman_lair_tendril_chambers, basic_altar

Skill      XL: |  1  2  3  4  5  6  7  8  9 10 11 12 13 14 |
---------------+-------------------------------------------+-----
Conjurations   | 1 2 3 |  3.4
Air Magic      | 3 4 5 6 7 9 10 11 12 | 12.3
Maces & Flails | 1 2 3 4 |  4.4
Stealth        | 2 3 4 |  4.7
Dodging        | 2 3 4 |  4.4
Spellcasting   | 2 3 4 |  4.0
Polearms       | 4 8 10 11 13 14 | 14.0
Fighting       | 3 5 7 8 9 10 | 10.1
Shields        | 5 8 9 |  9.0
Armour         | 2 3 |  3.7

Action                     |  1- 3 |  4- 6 |  7- 9 | 10-12 | 13-15 || total
---------------------------+-------+-------+-------+-------+-------++-------
  Melee: Whip              |    38 |    40 |     2 |       |       ||    80
         Unarmed           |     1 |       |       |       |       ||     1
         Punch             |     1 |       |       |     1 |       ||     2
         Demon trident     |       |       |   124 |   460 |   398 ||   982
         Spear             |       |       |       |    74 |       ||    74
  Throw: Dart              |       |       |       |     2 |       ||     2
   Cast: Shock             |    60 |    90 |   148 |    55 |       ||   353
         Static Discharge  |       |    28 |    53 |    28 |     6 ||   115
         Airstrike         |       |       |     7 |   210 |   248 ||   465
  Evoke: Wand              |       |       |     3 |       |       ||     3
    Use: Scroll            |     1 |       |     8 |    12 |     9 ||    30
         Potion            |       |     3 |       |       |     1 ||     4
   Stab: Sleeping          |     2 |     1 |     2 |     1 |     1 ||     7
         Distracted        |       |       |     2 |     1 |       ||     3
 Armour: Robe              |    17 |    15 |    17 |       |       ||    49
         Ring mail         |       |       |     6 |    40 |       ||    46
         Troll leather arm |       |       |       |    72 |    77 ||   149
         Acid dragon scale |       |       |       |    16 |       ||    16
  Dodge: Dodged            |    36 |    46 |   116 |   329 |   150 ||   677
  Block: Other             |       |       |    34 |    72 |       ||   106
         Reflection        |       |       |     4 |     3 |    15 ||    22
         Buckler           |       |       |       |    55 |   166 ||   221

Table legend: (Time is in decaauts)
 A = Elapsed time spent in this place.
 B = Non-inter-level travel time spent in this place.
 C = Inter-level travel time spent in this place.
 D = Time resting spent in this place.
 E = Time spent auto-exploring this place.
 F = Levels seen in this place.
 G = Mean time per level.
                   A        B        C        D        E       F      G
               +--------+--------+--------+--------+--------+-----+--------+
         Total |  26868 |  25570 |   1298 |   1031 |  20459 |  21 | 1279.4 |
       Dungeon |  17675 |  16797 |    878 |    787 |  13194 |  15 | 1178.3 |
          Lair |   8388 |   7969 |    419 |    143 |   6765 |   5 | 1677.6 |
        Bailey |    804 |    804 |      0 |    101 |    500 |   1 |  804.0 |
               +--------+--------+--------+--------+--------+-----+--------+

Top non-repeatable levels by time:
  Lair:5: 2980 daAuts
    D:10: 1815 daAuts
    D:14: 1732 daAuts
  Lair:3: 1722 daAuts
     D:3: 1581 daAuts
  Lair:4: 1541 daAuts
     D:8: 1345 daAuts
     D:7: 1322 daAuts
    D:12: 1298 daAuts
    D:11: 1292 daAuts
     D:2: 1277 daAuts
  Lair:2: 1195 daAuts
     D:9: 1133 daAuts
    D:13: 1072 daAuts
     D:6: 997 daAuts
